 Dungeon Crawl Stone Soup version 0.29.1-2-gbd0b4ee654 (webtiles) character file.

Game seed: 2231327732837641566

7 Gabide the Grave Robber (level 1, 0/13 HPs)
             Began as a Mummy Necromancer on Nov 6, 2022.
             Constricted to death by a ball python (1 damage)
             ... on level 1 of the Dungeon.
             The game lasted 00:00:31 (183 turns).

Gabide the Grave Robber (Mummy Necromancer)          Turns: 183, Time: 00:00:31

Health: 0/13       AC:  2    Str: 11    XL:     1   Next: 83%
Magic:  0/4        EV:  9    Int: 14    God:
Gold:   42         SH:  0    Dex: 12    Spells: 4/5 levels left

rFire   x . .      SeeInvis .   (no weapon)
rCold   + . .      Faith    .   (no shield)
rNeg    + + +      Spirit   .   a - +0 robe
rPois   ∞          Reflect  .   (no helmet)
rElec   .          Harm     .   (no cloak)
rCorr   .          Rampage  .   (no gloves)
Will    .....                   (no boots)
Stlth   ++........              (no amulet)
HPRegen 0.04/turn               (no ring)
MPRegen 0.09/turn               (no ring)

@: constricted
A: cold resistance 1, negative energy resistance 3, torment resistance 2, heat
vulnerability 1, no potions
a: no special abilities


You were on level 1 of the Dungeon.
You visited 1 branch of the dungeon, and saw 1 of its levels.

You collected 42 gold pieces.

Inventory:

Armour
 a - a +0 robe (worn)
Scrolls
 b - a scroll of magic mapping {unknown}


   Skills:
 + Level 1.7 Dodging
 + Level 1.7 Stealth
 + Level 2.9 Spellcasting
 + Level 4.1 Necromancy


You had 4 spell levels left.
You knew the following spells:

 Your Spells              Type           Power      Damage    Failure   Level
a - Necrotise             Necr           52%        1d6       4%          1

Your spell library contained the following spells:

 Spells                   Type           Power      Damage    Failure   Level
 Vampiric Draining        Necr           13%        2d6       12%         3
 Animate Dead             Necr           13%        N/A       38%         4
 Agony                    Necr           13%        N/A       75%         5


Dungeon Overview and Level Annotations

Branches:
Dungeon (1/15)

Altars:


Innate Abilities, Weirdness & Mutations

You are immune to poison.
Your flesh is cold resistant. (rC+)
You are immune to negative energy. (rN+++)
You are immune to unholy pain and torment.
You are vulnerable to heat. (rF-)
You do not drink.


Message History

The dead are walking!
You can't see any susceptible monsters within range! (Use Z to cast anyway.)
Your kobold skeleton crumbles into dust!
You swap places.
You see here a golden potion. 2 jackals come into view.
The jackal barks!
You hear a bark! x2; You hear an angry hiss.
A jackal comes into view.
There are monsters nearby!
There are monsters nearby!
The jackal writhes in agony.
Your frilled lizard skeleton crumbles into dust!
The jackal bites you.
A ball python comes into view.
The jackal writhes in agony.
The jackal closely misses you.
The jackal bites you but does no damage.
The jackal writhes in agony.
You kill the jackal!
The dead are walking!
The jackal closely misses you. The ball python closely misses you.
The ball python grabs you. The ball python constricts you.
A jackal comes into view.
The jackal bites you.
You barely miss the ball python. The ball python bites you.
The ball python constricts you.
The jackal bites you but does no damage.
Your jackal skeleton barely misses the jackal.
You hit the ball python but do no damage.
The ball python bites you but does no damage.
The ball python constricts you.
Your jackal skeleton bites the jackal.
Aiming: Necrotise (safe; 4% risk of failure)
Press: ? - help, Q - select action Shift-Dir - straight line, f - ball python
Aim: a ball python (constricting you, chance to affect: 83%)
The ball python writhes in agony.
The jackal bites you.
* * * LOW HITPOINT WARNING * * *
The jackal bites you.
* * * LOW HITPOINT WARNING * * *
The ball python barely misses you. The ball python constricts you.
You die...

#### #.. #.#
#########.#######
.....Zh@S.......#
######h##.#####.#
#h #.# .. #.# ##.
#.# #. #.#####.#
#. #.......# #.
#..###### . #..#


You could see 3 jackals, a ball python and a friendly jackal skeleton.

Vanquished Creatures
  A bat (D:1)
  A goblin (D:1)
  A jackal (D:1)
  A frilled lizard (D:1)
  A kobold (D:1)
5 creatures vanquished.

Vanquished Creatures (collateral kills)
  An endoplasm (D:1)
1 creature vanquished.

Grand Total: 6 creatures vanquished

Notes
Turn   | Place    | Note
-------+----------+-------------------------------------------
     0 | D:1      | Gabide the Mummy Necromancer began the quest for the Orb.
     0 | D:1      | Reached XP level 1. HP: 13/13 MP: 4/4
   183 | D:1      | Constricted to death by a ball python

Illustrated notes

Levels and vault maps discovered:
D:1:      dpeg_arrival_stone_temple_mockup, layout_loops_ring

Action                   || total
-------------------------++-------
Melee: Unarmed           ||     2
 Cast: Necrotise         ||    10
Armor: Robe              ||     4
Dodge: Dodged            ||     6
